[Event "Titled Tuesday Blitz June 20 Early 2023"]
[White "Bogaudinov, Rushan"]
[Black "Sariego Figueredo, Wilfredo"]
[WhiteFideId "4129288"]
[BlackFideId "3500080"]
[WhiteElo "1967"]
[BlackElo "2309"]
[Result "1-0"]
[Round "11"]
[TimeControl "180+2"]
[Date "2023.06.20"]
[WhiteClock "0:00:53"]
[BlackClock "0:00:03"]
[Board "122"]

1. a3 d5 2. e3 e5 3. Nf3 Nc6 4. d4 e4 5. Ne5 Nxe5 6. dxe5 Qg5 7. Qxd5 Nf6 8. Bb5+ Bd7 9. Bxd7+ Nxd7 10. Qxe4 Qxe5 11. Qxb7 Rb8 12. Qxa7 Bc5 13. Qa4 O-O 14. Qxd7 Rxb2 15. O-O Rxc2 16. Nc3 Bd6 17. g3 Qxc3 18. Rb1 h5 19. h4 Qe5 20. Qb5 Qe4 21. Bb2 Qf3 22. Qg5 f6 23. Qg6 Qe2 24. Bd4 Bxa3 25. Rbe1 Qd2 26. Qxh5 Bd6 27. Qg4 Ra2 28. h5 Kh7 29. Qg6+ Kh8 30. h6 gxh6 31. Bxf6+ Rxf6 32. Qxf6+ Kh7 33. Rd1 Qe2 34. Rxd6 cxd6 35. Qxd6 h5 36. Qf6 Rb2 37. Ra1 Ra2 38. Rb1 Qa6 39. Qf5+ Kh6 40. Qf8+ Kh7 41. Qe7+ Kg6 42. Qe4+ Kh6 43. Rb7 Ra1+ 44. Kh2 Qf1 45. Rb6+ Kg5 46. Qf4# 1-0


[Site "https://www.chess.com"]

[Event "Titled Tuesday Blitz June 20 Early 2023"]
[White "Torres Dominguez, David"]
[Black "Alahakoon, Isuru"]
[WhiteFideId "2220857"]
[BlackFideId "9900993"]
[WhiteElo "1999"]
[BlackElo "1819"]
[Result "0-1"]
[Round "11"]
[TimeControl "180+2"]
[Date "2023.06.20"]
[WhiteClock "0:00:00"]
[BlackClock "0:00:13"]
[Board "123"]

1. e4 d5 2. d3 dxe4 3. dxe4 Qxd1+ 4. Kxd1 e5 5. Be3 Nf6 6. f3 Nbd7 7. Nd2 Bc5 8. Bxc5 Nxc5 9. a4 a5 10. Bc4 Ke7 11. Ke2 Bd7 12. b3 c6 13. Ke3 b5 14. axb5 cxb5 15. Bd3 Rhc8 16. Ne2 Ne8 17. Rhd1 Nd6 18. Nc1 Nxd3 19. Kxd3 a4 20. b4 Be6 21. Ra3 Nc4 22. Nxc4 Rxc4 23. c3 Rac8 24. Ne2 R4c6 25. Rc1 Bc4+ 26. Ke3 Rd6 27. Raa1 Rd3+ 28. Kf2 Rd2 29. Re1 Rcd8 30. f4 exf4 31. Rac1 R8d3 32. h3 Re3 33. Rcd1 Rexe2+ 34. Kg1 Rxd1 35. Rxd1 a3 36. e5 a2 37. Ra1 Rb2 0-1


[Site "https://www.chess.com"]

[Event "Titled Tuesday Blitz June 20 Early 2023"]
[White "Sanchez, Robert"]
[Black "Spichkin, Alexander"]
[WhiteFideId "2034360"]
[BlackFideId "4144074"]
[WhiteElo "2039"]
[BlackElo "1986"]
[Result "1-0"]
[Round "11"]
[TimeControl "180+2"]
[Date "2023.06.20"]
[WhiteClock "0:00:53"]
[BlackClock "0:01:01"]
[Board "124"]

1. e4 e5 2. Nf3 d5 3. d3 dxe4 4. dxe4 Qxd1+ 5. Kxd1 Nc6 6. Be2 Bg4 7. c3 O-O-O+ 8. Kc2 f5 9. Nbd2 Nf6 10. h3 Bxf3 11. Bxf3 Ba3 12. bxa3 f4 13. Nb3 b6 14. Bb2 g5 15. Rad1 h5 16. Rde1 g4 17. Bd1 Ne7 18. c4 Ng6 19. f3 g3 20. Be2 Rde8 21. c5 Nh4 22. Rhg1 c6 23. a4 Kc7 24. a5 b5 25. a4 a6 26. axb5 axb5 27. Rd1 Nd7 28. Rd6 Nxc5 29. Rgd1 Nb7 30. Rd7+ Kc8 31. a6 Nxg2 32. axb7+ Kb8 33. Na5 Ne3+ 34. Kb1 Rh6 35. Rd8+ Rxd8 36. Rxd8+ Ka7 37. b8=Q+ Ka6 38. Qa8+ Kb6 39. Rb8+ Kc5 40. Qa7+ Kb4 41. Nxc6+ Rxc6 42. Qa3# 1-0


[Site "https://www.chess.com"]

[Event "Titled Tuesday Blitz June 20 Early 2023"]
[White "Skaric, Djuro"]
[Black "Gyulamiryan-koryun"]
[WhiteFideId "934569"]
[WhiteElo "2282"]
[BlackElo "1888"]
[Result "1-0"]
[Round "11"]
[TimeControl "180+2"]
[Date "2023.06.20"]
[WhiteClock "0:02:10"]
[BlackClock "0:00:03"]
[Board "125"]

1. g3 Nf6 2. Bg2 d5 3. d3 c5 4. Nf3 Nc6 5. O-O e5 6. h3 h6 7. Nc3 Be6 8. e4 d4 9. Ne2 Be7 10. Ne1 g5 11. f4 gxf4 12. gxf4 exf4 13. Nxf4 Bd7 14. Nd5 Nxd5 15. exd5 Ne5 16. Qh5 Bg5 17. Nf3 Nxf3+ 18. Rxf3 Rf8 19. h4 Bxh4 20. Bxh6 Qe7 21. Bxf8 1-0


[Site "https://www.chess.com"]

[Event "Titled Tuesday Blitz June 20 Early 2023"]
[White "Georg, Heinz"]
[Black "Iskusnyh, Sergei"]
[WhiteFideId "4607295"]
[BlackFideId "4120027"]
[WhiteElo "2264"]
[BlackElo "2492"]
[Result "1-0"]
[Round "11"]
[TimeControl "180+2"]
[Date "2023.06.20"]
[WhiteClock "0:00:07"]
[BlackClock "0:00:00"]
[Board "126"]

1. e4 e6 2. c4 d5 3. cxd5 exd5 4. exd5 Nf6 5. Nc3 Nxd5 6. Bc4 Nb6 7. Bb3 Nc6 8. Nge2 Bd6 9. d4 O-O 10. Be3 Na5 11. d5 Nac4 12. Bxb6 Nxb6 13. Qd3 a5 14. O-O-O Qg5+ 15. f4 Bxf4+ 16. Nxf4 Qxf4+ 17. Rd2 Bf5 18. Qb5 a4 19. Bc2 a3 20. b3 Bg6 21. h4 Rfe8 22. h5 Bxc2 23. Kxc2 Re3 24. h6 Qe5 25. Qc5 Nd7 26. Qc4 Qf5+ 27. Kc1 Ne5 28. Qd4 Qg5 29. Ne4 Qf4 30. Nc3 Qxd4 31. Rxd4 Rxc3+ 32. Kd2 Rg3 33. hxg7 Rxg2+ 34. Kc3 Rd8 35. Re1 Rg3+ 36. Kb4 Nc6+ 37. dxc6 Rxd4+ 38. Kc5 1-0


[Site "https://www.chess.com"]

[Event "Titled Tuesday Blitz June 20 Early 2023"]
[White "Srdanovic, Jovana"]
[Black "Francisco_Ferrari"]
[WhiteFideId "954810"]
[WhiteElo "2155"]
[BlackElo "2263"]
[Result "0-1"]
[Round "11"]
[TimeControl "180+2"]
[Date "2023.06.20"]
[WhiteClock "0:00:02"]
[BlackClock "0:00:15"]
[Board "127"]

1. d4 Nf6 2. c4 e6 3. Nf3 d5 4. Nc3 Be7 5. Bg5 O-O 6. e3 h6 7. Bh4 b6 8. Bxf6 Bxf6 9. cxd5 exd5 10. Qb3 Be6 11. Rd1 Nd7 12. Nxd5 c6 13. Nxf6+ Nxf6 14. Qc2 Nd5 15. a3 Rc8 16. Bd3 c5 17. dxc5 Rxc5 18. Qd2 Qc7 19. O-O Rc8 20. Nd4 Bd7 21. Bb1 Nf6 22. h3 Rg5 23. Nf3 Rh5 24. Rc1 Qb7 25. Rxc8+ Qxc8 26. Rc1 Qa8 27. Rd1 g6 28. Qd6 Be6 29. Bxg6 Rd5 30. Rxd5 Qxd5 31. Qb8+ Kg7 32. Bc2 Bxh3 33. Qg3+ Bg4 34. Ne5 Qd2 35. Bf5 h5 36. Bxg4 hxg4 37. Nxg4 Qd1+ 38. Kh2 Qxg4 39. Qc7 Qh4+ 40. Kg1 Ng4 41. f3 Qe1# 0-1


[Site "https://www.chess.com"]

[Event "Titled Tuesday Blitz June 20 Early 2023"]
[White "Larina, Maria"]
[Black "profedechess93"]
[WhiteFideId "24113182"]
[WhiteElo "1848"]
[BlackElo "2553"]
[Result "0-1"]
[Round "11"]
[TimeControl "180+2"]
[Date "2023.06.20"]
[WhiteClock "0:00:00"]
[BlackClock "0:00:26"]
[Board "128"]

1. e4 e6 2. d4 d5 3. Nc3 Nf6 4. Bg5 Be7 5. e5 Nfd7 6. h4 Nc6 7. Nh3 h6 8. Be3 Nb6 9. Qg4 Rg8 10. O-O-O Bf8 11. Bd3 Rh8 12. h5 Qe7 13. Nf4 Bd7 14. Rh3 O-O-O 15. Kb1 Na5 16. Nfe2 Nac4 17. b3 Qb4 18. Ka1 Nxe3 19. fxe3 c5 20. Qf3 c4 21. bxc4 Nxc4 22. Bxc4 Qxc4 23. Rb1 Bb4 24. Rb3 a5 25. a3 Be7 26. Rh1 a4 27. Rb2 Bxa3 28. Rb6 Bb4 29. Rb1 Bxc3+ 30. Nxc3 Qxc3+ 31. Ka2 Qxc2+ 32. R1b2 Qc4+ 33. Ka1 Bc6 34. Qxf7 Rhf8 35. Qxe6+ Kb8 36. Qe7 Rf1+ 37. Rb1 Qc3+ 38. Ka2 Rf2+ 39. R1b2 Qc4+ 0-1


[Site "https://www.chess.com"]

[Event "Titled Tuesday Blitz June 20 Early 2023"]
[White "Balla, Tamas-Kristof"]
[Black "Hartikainen, Jarmo"]
[WhiteFideId "1208497"]
[BlackFideId "503134"]
[WhiteElo "2334"]
[BlackElo "2164"]
[Result "1-0"]
[Round "11"]
[TimeControl "180+2"]
[Date "2023.06.20"]
[WhiteClock "0:01:33"]
[BlackClock "0:00:01"]
[Board "129"]

1. e4 c5 2. Nf3 Nc6 3. c3 d5 4. exd5 Qxd5 5. d4 cxd4 6. cxd4 Bg4 7. Nc3 Bxf3 8. gxf3 Qxd4 9. Qxd4 Nxd4 10. Nb5 Nc2+ 11. Kd1 Nxa1 12. Nc7+ Kd8 13. Nxa8 g6 14. Be3 Bh6 15. Bxa7 Nf6 16. Be3 Bxe3 17. fxe3 Nd5 18. Kd2 Kd7 19. Bc4 Rxa8 20. Bxd5 e6 21. Bc4 Rc8 22. Bb5+ Kd6 23. Rxa1 Rc5 24. Bd3 Rh5 25. Rh1 f5 26. b4 g5 27. a4 g4 28. fxg4 fxg4 29. Kc3 g3 30. h4 b6 31. Rg1 Rxh4 32. Rxg3 h5 33. Rg5 Rh3 34. Kd4 h4 35. Rh5 Rh1 36. a5 bxa5 37. bxa5 Ra1 38. a6 Ra4+ 39. Kc3 e5 40. e4 Ra3+ 41. Kd2 Ra2+ 42. Ke3 Rh2 43. a7 Kc7 44. a8=Q 1-0


[Site "https://www.chess.com"]

[Event "Titled Tuesday Blitz June 20 Early 2023"]
[White "Winkels, Marcel"]
[Black "Melikhov, Evgeny V."]
[WhiteFideId "1003887"]
[BlackFideId "4122046"]
[WhiteElo "1900"]
[BlackElo "2158"]
[Result "0-1"]
[Round "11"]
[TimeControl "180+2"]
[Date "2023.06.20"]
[WhiteClock "0:00:00"]
[BlackClock "0:00:23"]
[Board "130"]

1. e4 c5 2. Nf3 d6 3. Bb5+ Nd7 4. O-O a6 5. Bd3 e6 6. c3 Ngf6 7. Bc2 Be7 8. d4 Qc7 9. Nbd2 cxd4 10. cxd4 b5 11. Re1 Bb7 12. Nf1 Rc8 13. Bd3 O-O 14. Bg5 Rfe8 15. Rc1 Qb8 16. h3 h6 17. Bf4 Bf8 18. Bh2 e5 19. Ng3 g6 20. b4 Rxc1 21. Qxc1 exd4 22. Nxd4 Ne5 23. Bb1 Rc8 24. Qd2 Qc7 25. f4 Nc4 26. Qc3 Qb6 27. Kh1 Bg7 28. Bg1 Qd8 29. e5 dxe5 30. fxe5 Nxe5 31. Qe3 Qd5 32. Qf2 h5 33. Ne4 Nxe4 34. Bxe4 Qd7 35. Bxb7 Qxb7 36. Rf1 Nc4 37. Nf3 Re8 38. Re1 Rxe1 39. Qxe1 Qd5 40. Qe8+ Kh7 41. Qe2 Bf6 42. Bh2 Kg7 43. Bg3 Qe6 44. Qxe6 fxe6 45. Kg1 Be7 46. Be1 Bd6 47. Nd4 Kf6 48. Nb3 e5 49. Kf2 e4 50. Ke2 Bf4 51. Nd4 Ke5 52. Nc2 Kd5 53. Bc3 Be5 54. Be1 Bd6 55. g4 hxg4 56. hxg4 Ne5 57. g5 Nd3 58. Ne3+ Ke6 59. Bd2 Bxb4 60. Bxb4 Nxb4 61. a3 Nd5 62. Nc2 Kf5 63. Nb4 Nxb4 0-1


[Site "https://www.chess.com"]

[Event "Titled Tuesday Blitz June 20 Early 2023"]
[White "Baruch, Liam"]
[Black "Buscar, Michael"]
[WhiteFideId "14322064"]
[BlackFideId "2603616"]
[WhiteElo "2135"]
[BlackElo "2010"]
[Result "0-1"]
[Round "11"]
[TimeControl "180+2"]
[Date "2023.06.20"]
[WhiteClock "0:00:04"]
[BlackClock "0:00:28"]
[Board "131"]

1. e4 c5 2. Nf3 Nc6 3. d4 cxd4 4. Nxd4 Nf6 5. Nc3 e5 6. Ndb5 h6 7. Nd6+ Bxd6 8. Qxd6 Qe7 9. Qxe7+ Kxe7 10. f3 Rd8 11. Bc4 d6 12. Be3 Be6 13. Bxe6 fxe6 14. O-O-O a6 15. g4 d5 16. exd5 exd5 17. g5 hxg5 18. Bxg5 Ke6 19. Rhe1 d4 20. Ne4 Kf5 21. h4 Rd5 22. Ng3+ Kg6 23. Re2 Rc8 24. Kb1 Rf8 25. Rg1 Kh7 26. Reg2 d3 27. cxd3 Rxd3 28. Bxf6 gxf6 29. f4 Rg8 30. Ne4 Rxg2 31. Rxg2 exf4 32. Nxf6+ Kh6 33. h5 Ne5 34. Kc2 Rg3 35. Re2 Ng4 36. Ne4 Rh3 37. Rf2 f3 38. Nd2 Nxf2 39. Nf1 Kxh5 40. Kd2 Kg4 41. Ke3 Nh1 42. Nd2 f2+ 43. Ke2 Rh2 44. Kf1 Ng3# 0-1


[Site "https://www.chess.com"]

[Event "Titled Tuesday Blitz June 20 Early 2023"]
[White "Kohler, Aran"]
[Black "Saim, Mohamed Ilias"]
[WhiteFideId "1002856"]
[BlackFideId "7900465"]
[WhiteElo "2302"]
[BlackElo "2063"]
[Result "0-1"]
[Round "11"]
[TimeControl "180+2"]
[Date "2023.06.20"]
[WhiteClock "0:00:07"]
[BlackClock "0:00:09"]
[Board "132"]

1. e4 c6 2. d4 d5 3. e5 Bf5 4. Nc3 e6 5. g4 Bg6 6. Nge2 c5 7. Be3 Nc6 8. h4 cxd4 9. Nxd4 h5 10. Bb5 Rc8 11. g5 Ne7 12. f4 a6 13. Bd3 Bxd3 14. Qxd3 g6 15. O-O-O Nxd4 16. Bxd4 Nf5 17. Kb1 Rc4 18. Bf2 Rxf4 19. Be3 Rxh4 20. Rxh4 Nxh4 21. Ne4 Bg7 22. Nd6+ Kf8 23. Bc5 Kg8 24. Nxb7 Qc7 25. Qxa6 Bxe5 26. Bd6 Bxd6 27. Nxd6 Nf5 28. Ne8 Qb8 29. Nf6+ Kg7 30. a4 Rc8 31. a5 Qc7 32. c3 Rb8 33. Ka1 Qd8 34. c4 Ra8 35. Qc6 Rxa5+ 36. Kb1 Qa8 37. c5 Qxc6 38. Nxh5+ gxh5 39. Rc1 Rxc5 40. Rd1 d4 41. b3 Qe4+ 42. Kb2 Qe2+ 43. Ka3 Ne3 44. Kb4 Nc2+ 45. Kxc5 d3 46. Rc1 d2 47. Rxc2 Qe3+ 48. Kc4 d1=Q 49. Rc3 Qdd4+ 50. Kb5 Qexc3 0-1


[Site "https://www.chess.com"]

[Event "Titled Tuesday Blitz June 20 Early 2023"]
[White "Antonio, Jorge Carlos"]
[Black "Cardenas Carbajal, Nilson"]
[WhiteFideId "113190"]
[BlackFideId "8401128"]
[WhiteElo "2247"]
[BlackElo "1972"]
[Result "0-1"]
[Round "11"]
[TimeControl "180+2"]
[Date "2023.06.20"]
[WhiteClock "0:00:38"]
[BlackClock "0:01:15"]
[Board "133"]

1. d4 Nf6 2. Nf3 g6 3. c4 Bg7 4. Nc3 d5 5. Bg5 Ne4 6. Bf4 Nxc3 7. bxc3 O-O 8. e3 c6 9. cxd5 cxd5 10. Bd3 Nc6 11. O-O a6 12. a4 Bd7 13. Rb1 Na5 14. Nd2 Qe8 15. Rb4 e5 16. Bg3 Rc8 17. c4 exd4 18. Bd6 dxe3 19. Bxf8 Bxf8 20. Rb1 exd2 21. Qxd2 dxc4 22. Bxg6 hxg6 23. Qxa5 Bc6 24. Rfe1 Qd7 25. Qc3 Qd5 26. f3 Bg7 27. Qc2 c3 28. Rbd1 Qc4 29. Rd3 Bxa4 30. Qc1 Qxd3 0-1


[Site "https://www.chess.com"]

[Event "Titled Tuesday Blitz June 20 Early 2023"]
[White "Luna Javier, Edgar Froylan"]
[Black "KSho99"]
[WhiteFideId "5120101"]
[WhiteElo "2091"]
[BlackElo "2205"]
[Result "0-1"]
[Round "11"]
[TimeControl "180+2"]
[Date "2023.06.20"]
[WhiteClock "0:00:18"]
[BlackClock "0:00:05"]
[Board "134"]

1. d4 f5 2. g4 fxg4 3. e4 d5 4. e5 Nh6 5. Bxh6 gxh6 6. Be2 Bg7 7. Bxg4 Bxg4 8. Qxg4 O-O 9. Ne2 Kh8 10. Nd2 Qd7 11. e6 Qb5 12. O-O-O Nc6 13. Nb3 Rxf2 14. Nf4 Qc4 15. c3 Rg8 16. Rhg1 Ne5 17. Qh4 Rxf4 18. Qxf4 Nd3+ 19. Rxd3 Qxd3 20. Nc5 Qe2 21. Nd7 Qxe6 22. Nc5 Qe2 23. Nxb7 Rf8 24. Qg3 Bf6 25. Nc5 Bg5+ 26. Kb1 Rf2 27. Qe5+ Bf6 28. Qxe2 Rxe2 29. Na6 Rxh2 30. Nxc7 h5 31. Nxd5 h4 32. c4 Rd2 33. c5 Rxd4 34. Nc3 Rc4 35. Rd1 Rxc5 36. Rd3 Rf5 37. Kc2 Rf2+ 38. Kb3 Rg2 39. Rd8+ Kg7 40. Rd3 Rg3 41. Rd1 h3 42. Kc4 Rg2 43. Rh1 h2 44. Ne4 Be5 45. Kd5 Bg3 46. Ke6 Bb8 47. Kf5 Rg1 48. Rxh2 Bxh2 49. Ng5 Bb8 50. Ne6+ Kh8 51. Nd4 Rf1+ 52. Nf3 Rxf3+ 53. Ke4 Rf1 54. Kd5 Ra1 55. Ke6 Rxa2 56. b4 Rb2 57. b5 Rxb5 58. Kd7 a5 59. Ke8 Bf4 60. Kf7 a4 0-1


[Site "https://www.chess.com"]

[Event "Titled Tuesday Blitz June 20 Early 2023"]
[White "Kiseleva, Arina"]
[Black "Ramirez Vido, Robert Yorisan"]
[WhiteFideId "4164989"]
[BlackFideId "3513823"]
[WhiteElo "1701"]
[BlackElo "2376"]
[Result "0-1"]
[Round "11"]
[TimeControl "180+2"]
[Date "2023.06.20"]
[WhiteClock "0:00:00"]
[BlackClock "0:00:09"]
[Board "135"]

1. d4 g6 2. c4 Nf6 3. Nc3 Bg7 4. e4 d6 5. h3 O-O 6. Bg5 c5 7. d5 e6 8. Bd3 exd5 9. exd5 Re8+ 10. Nge2 h6 11. Be3 Nbd7 12. Qd2 Ne5 13. O-O-O Nxd3+ 14. Qxd3 Bf5 15. Qd2 Ne4 16. Nxe4 Rxe4 17. b3 Qf6 18. Nd4 cxd4 19. Bxh6 Bxh6 20. Qxh6 Re2 21. Rd2 d3 22. Kb1 Qc3 23. Rhd1 Rae8 24. g4 Rxd2 25. Qxd2 Qc2+ 26. Ka1 Qxd2 27. Rxd2 Re2 28. Rd1 d2 29. Kb2 Be4 30. Kc3 Rxf2 31. b4 Bg2 32. h4 Bf3 33. Rxd2 Rxd2 34. Kxd2 Bxg4 35. c5 dxc5 36. bxc5 Kf8 37. Ke3 Ke7 38. Kf4 Bd1 39. Ke5 f6+ 40. Kd4 Kd7 41. Kc4 Be2+ 0-1


[Site "https://www.chess.com"]

[Event "Titled Tuesday Blitz June 20 Early 2023"]
[White "zano2023"]
[Black "Dwilewicz, Katarzyna"]
[BlackFideId "1148486"]
[WhiteElo "2176"]
[BlackElo "2098"]
[Result "1-0"]
[Round "11"]
[TimeControl "180+2"]
[Date "2023.06.20"]
[WhiteClock "0:00:10"]
[BlackClock "0:00:00"]
[Board "136"]

1. d4 d5 2. Nf3 e6 3. Nbd2 b6 4. e3 Bb7 5. Bd3 Nd7 6. O-O Ngf6 7. Qe2 c5 8. c3 Be7 9. Re1 O-O 10. b3 Rc8 11. Bb2 Re8 12. Rac1 Bd6 13. e4 e5 14. dxe5 Nxe5 15. Nxe5 Bxe5 16. Bb5 Re6 17. Ba6 Bxa6 18. Qxa6 Rcc6 19. exd5 Nxd5 20. Nf3 Bf4 21. Rxe6 Rxe6 22. Rd1 Rd6 23. Qc4 Bh6 24. h3 Ne7 25. Rxd6 Qxd6 26. Qe2 Nc6 27. Qe8+ Qf8 28. Qxc6 Bf4 29. c4 h6 30. Qe4 Bc7 31. Qd5 Qe7 32. Be5 Bd8 33. Kf1 Kh7 34. Qe4+ g6 35. Qd5 f6 36. Bd6 Qd7 37. Bf4 Qe8 38. Qb7+ Kg8 39. Qd5+ Kh7 40. Qb7+ Kg8 41. Qxa7 Be7 42. Qxb6 Qd7 43. g3 Qxh3+ 44. Ke2 Qd7 45. Qb8+ Kf7 46. Qb5 Qg4 47. Be3 g5 48. Qc6 h5 49. Qd5+ Kg7 50. a3 h4 51. gxh4 gxh4 52. Qd3 h3 53. Qd1 h2 54. Qh1 Qh5 55. Qxh2 Qf5 56. Qg3+ Kf7 57. Nd2 Qc2 58. Qf3 Bd6 59. Qe4 Be5 60. f4 Qc1 61. fxe5 Qxa3 62. e6+ Ke7 63. Qd5 Qb2 64. Bxc5+ 1-0


[Site "https://www.chess.com"]

[Event "Titled Tuesday Blitz June 20 Early 2023"]
[White "Vaglio Munoz, Jaime"]
[Black "Vargas Rodriguez, Wilver"]
[WhiteFideId "6500145"]
[BlackFideId "3509672"]
[WhiteElo "2199"]
[BlackElo "2245"]
[Result "1-0"]
[Round "11"]
[TimeControl "180+2"]
[Date "2023.06.20"]
[WhiteClock "0:02:06"]
[BlackClock "0:00:18"]
[Board "137"]

1. e4 c5 2. a3 e6 3. b4 cxb4 4. axb4 Bxb4 5. c3 Be7 6. d4 d5 7. e5 f6 8. Bd3 f5 9. g4 Nh6 10. Bxh6 gxh6 11. gxf5 exf5 12. Qh5+ Kf8 13. Qxh6+ Ke8 14. Nf3 Nc6 15. Rg1 Qb6 16. Nbd2 Nxe5 17. Qh5+ Ng6 18. Ne5 Qf6 19. Nxg6 hxg6 20. Qxg6+ Qxg6 21. Rxg6 Rxh2 22. Nf3 Rh1+ 23. Bf1 f4 24. O-O-O Ba3+ 25. Kd2 Bf5 26. Rg8+ Bf8 27. Bb5+ Kf7 28. Rxf8+ Rxf8 29. Rxh1 Be4 30. Ng5+ Kg6 31. Nxe4 dxe4 32. Re1 e3+ 33. fxe3 fxe3+ 34. Rxe3 a6 35. Bd3+ Kf6 36. c4 Rh8 37. d5 b5 38. c5 1-0


[Site "https://www.chess.com"]

[Event "Titled Tuesday Blitz June 20 Early 2023"]
[White "Vifleemskaia, Svetlana"]
[Black "Nikulina, Alena"]
[WhiteFideId "4129490"]
[BlackFideId "4172051"]
[WhiteElo "1930"]
[BlackElo "1608"]
[Result "1/2-1/2"]
[Round "11"]
[TimeControl "180+2"]
[Date "2023.06.20"]
[WhiteClock "0:00:10"]
[BlackClock "0:00:15"]
[Board "138"]

1. d4 d5 2. c4 dxc4 3. Nf3 Nf6 4. e3 a6 5. Bxc4 e6 6. O-O b5 7. Bb3 Bb7 8. Qe2 Nbd7 9. a4 b4 10. Rd1 Be7 11. Ne5 O-O 12. Nd2 c5 13. Ndc4 cxd4 14. Rxd4 Bc5 15. Rd1 Qc7 16. Nxd7 Nxd7 17. e4 Rac8 18. Bg5 h6 19. Bh4 Nb6 20. Rac1 Nxc4 21. Rxc4 Qb6 22. Rdc1 e5 23. Bg3 Bd4 24. h3 Qg6 25. Kh2 Rxc4 26. Bxc4 Qxe4 27. Qxe4 Bxe4 28. Bxa6 Bxb2 29. Rc4 Bd3 30. Rxb4 Bxa6 31. Rxb2 e4 32. Rb6 Bd3 33. Rb4 Ra8 34. Rd4 Kh7 35. Bc7 Kg6 36. a5 f5 37. Kg3 Kf6 38. Bb6 g5 39. f4 Ra6 40. Rd6+ Kf7 41. Rxh6 gxf4+ 42. Kxf4 Ra8 43. g4 fxg4 44. hxg4 Kg7 45. g5 Bc2 46. Rf6 Bd3 47. Ke3 Kh7 48. Re6 Kg7 49. Bd4+ Kf7 50. Rf6+ Ke7 51. a6 Rxa6 52. Rxa6 Bxa6 53. Kxe4 Kf8 54. Kf5 Kg8 55. Kf6 Bc4 56. g6 1/2-1/2


[Site "https://www.chess.com"]

[Event "Titled Tuesday Blitz June 20 Early 2023"]
[White "Goughfather"]
[Black "Martin, Lewis"]
[BlackFideId "410551"]
[WhiteElo "2029"]
[BlackElo "2145"]
[Result "0-1"]
[Round "11"]
[TimeControl "180+2"]
[Date "2023.06.20"]
[WhiteClock "0:00:00"]
[BlackClock "0:00:07"]
[Board "139"]

1. d4 d5 2. Nc3 Nf6 3. Bf4 c6 4. e3 Nbd7 5. Nf3 Nh5 6. Bg5 h6 7. Bh4 g5 8. Ne5 Nxe5 9. dxe5 Ng7 10. Bg3 Nf5 11. Bd3 Bg7 12. Bxf5 Bxf5 13. Qd2 e6 14. O-O-O Qc7 15. f4 O-O-O 16. Qd4 c5 17. Qa4 a6 18. e4 dxe4 19. Nxe4 Bxe4 20. Qxe4 Rxd1+ 21. Rxd1 Rd8 22. Rxd8+ Qxd8 23. f5 exf5 24. Qxf5+ Qd7 25. e6 fxe6 26. Qxc5+ Kd8 27. Qd6 Qxd6 28. Bxd6 Kd7 29. Bb4 b5 30. b3 Be5 31. h3 h5 32. g4 hxg4 33. hxg4 Bf4+ 34. Kd1 e5 35. Ke2 Ke6 36. c4 bxc4 37. bxc4 e4 38. Bc3 Kd6 39. Bd4 Kc6 40. a4 Kd6 41. Bf2 Ke5 42. Ba7 Bc1 43. Be3 Ba3 44. Bxg5 Kd4 45. c5 Kc4 46. Be3 Kb3 47. Bd4 Kxa4 48. g5 Bc1 0-1


[Site "https://www.chess.com"]

[Event "Titled Tuesday Blitz June 20 Early 2023"]
[White "Ouellet, Maili-Jade"]
[Black "Semenova, Alina"]
[WhiteFideId "2620472"]
[BlackFideId "24113875"]
[WhiteElo "2077"]
[BlackElo "1833"]
[Result "1-0"]
[Round "11"]
[TimeControl "180+2"]
[Date "2023.06.20"]
[WhiteClock "0:01:24"]
[BlackClock "0:00:52"]
[Board "140"]

1. e4 e5 2. Nf3 Nf6 3. Nxe5 Nxe4 4. d4 d5 5. Bd3 Nd7 6. Nc3 Nxc3 7. bxc3 Nxe5 8. dxe5 Bc5 9. O-O O-O 10. Qf3 c6 11. a4 Qh4 12. a5 a6 13. Re1 Bg4 14. Ra4 Bxf3 15. Rxh4 Be7 16. Rxh7 g6 17. Bxg6 Bg4 18. Bd3 f5 19. Rxe7 1-0


[Site "https://www.chess.com"]

[Event "Titled Tuesday Blitz June 20 Early 2023"]
[White "Skiadopoulos, Nikolaos"]
[Black "Modric, Nesa"]
[WhiteFideId "4200772"]
[BlackFideId "922579"]
[WhiteElo "2022"]
[BlackElo "2167"]
[Result "0-1"]
[Round "11"]
[TimeControl "180+2"]
[Date "2023.06.20"]
[WhiteClock "0:00:00"]
[BlackClock "0:00:12"]
[Board "141"]

1. e4 d5 2. exd5 Qxd5 3. Nc3 Qa5 4. d4 c6 5. Bc4 Bf5 6. Bd2 e6 7. Nd5 Qd8 8. Ne3 Bg6 9. c3 Nf6 10. Nf3 Bd6 11. Ne5 Nbd7 12. Nxg6 hxg6 13. Bd3 Qc7 14. h3 g5 15. Nc4 Bf4 16. Bxf4 gxf4 17. Qf3 g5 18. O-O-O O-O-O 19. g3 fxg3 20. fxg3 Nd5 21. Qxf7 Qxg3 22. Qxe6 Kb8 23. Nd6 N7b6 24. Nf7 Rhe8 25. Qf5 Ne3 26. Qg6 Nxd1 27. Rxd1 Qf4+ 28. Kc2 Rg8 29. Qh7 Rdf8 30. Ne5 Qh4 31. Qe7 Re8 32. Qd6+ Ka8 33. Nxc6 Qxh3 34. Ne5 Qg2+ 35. Rd2 Qd5 36. Qxd5 Nxd5 37. Bc4 Ne3+ 38. Kd3 Nxc4 39. Kxc4 g4 40. Rg2 g3 0-1


[Site "https://www.chess.com"]

[Event "Titled Tuesday Blitz June 20 Early 2023"]
[White "Zaichenko, Daria"]
[Black "Prydun, Andriy"]
[WhiteFideId "4197453"]
[BlackFideId "14145898"]
[WhiteElo "2039"]
[BlackElo "2164"]
[Result "1-0"]
[Round "11"]
[TimeControl "180+2"]
[Date "2023.06.20"]
[WhiteClock "0:00:19"]
[BlackClock "0:00:01"]
[Board "142"]

1. e4 c5 2. Nf3 d6 3. d4 cxd4 4. Nxd4 Nf6 5. Nc3 g6 6. Bd3 Bg7 7. O-O Nc6 8. Nb3 O-O 9. h3 Be6 10. Be3 Ne5 11. f4 Nxd3 12. cxd3 Qd7 13. d4 Bc4 14. Rf2 Rfc8 15. Nd2 Ba6 16. e5 Ne8 17. Qf3 b5 18. Nd5 Bb7 19. Nb1 b4 20. f5 gxf5 21. Qg3 Bxd5 22. Bh6 Qe6 23. Bxg7 Nxg7 24. Nd2 Qg6 25. Qh4 dxe5 26. dxe5 Rc7 27. Raf1 Kh8 28. Nf3 Rg8 29. Qxb4 Ne6 30. Qa3 Nf4 31. Nh4 Nxh3+ 32. Qxh3 Qg4 33. Qxg4 fxg4 34. b3 g3 35. Rd2 e6 36. Nf3 Rg4 37. Nd4 h5 38. Nb5 Rd7 39. Nd6 Kg7 40. Rd3 Kf8 41. Rfd1 h4 42. Rd4 Rxd4 43. Rxd4 f6 44. Rf4 Ke7 45. exf6+ Kxd6 46. f7 e5 47. f8=Q+ Kc6 48. Rf6+ 1-0


[Site "https://www.chess.com"]

[Event "Titled Tuesday Blitz June 20 Early 2023"]
[White "Freile Martin, Javier"]
[Black "luachess1"]
[WhiteFideId "3600165"]
[WhiteElo "2320"]
[BlackElo "1704"]
[Result "1-0"]
[Round "11"]
[TimeControl "180+2"]
[Date "2023.06.20"]
[WhiteClock "0:01:18"]
[BlackClock "0:00:13"]
[Board "143"]

1. d4 Nf6 2. c4 g6 3. Nc3 Bg7 4. e4 d6 5. Be2 O-O 6. Nf3 e5 7. O-O Nbd7 8. Be3 a5 9. d5 Ng4 10. Bg5 Qe8 11. Ne1 Ngf6 12. Nd3 h6 13. Be3 b6 14. a3 Nc5 15. f3 Nfd7 16. b4 axb4 17. axb4 Rxa1 18. Qxa1 Nb3 19. Qa7 Qd8 20. Nb5 Nd4 21. Bxd4 exd4 22. Qxc7 Qxc7 23. Nxc7 Ne5 24. Nxe5 dxe5 25. c5 bxc5 26. bxc5 Rd8 27. d6 Bd7 28. Ra1 Kf8 29. Ra8 Rxa8 30. Nxa8 Bc6 31. Nb6 Ke8 32. Bc4 f5 33. Bd5 Bd7 34. c6 Bxc6 35. Bxc6+ Kd8 36. Kf1 Bf8 37. Nc4 Bg7 38. Ke2 fxe4 39. fxe4 Bf6 40. h3 g5 41. g4 Bg7 42. Kd3 Bf6 43. Nb2 Bg7 44. Kc4 Bf6 45. Kd5 Bg7 46. Nd3 1-0


[Site "https://www.chess.com"]

[Event "Titled Tuesday Blitz June 20 Early 2023"]
[White "Butti, Enrique"]
[Black "Clawitter, Craig"]
[WhiteFideId "3700470"]
[BlackFideId "2023105"]
[WhiteElo "2080"]
[BlackElo "2226"]
[Result "1-0"]
[Round "11"]
[TimeControl "180+2"]
[Date "2023.06.20"]
[WhiteClock "0:01:07"]
[BlackClock "0:00:23"]
[Board "144"]

1. d4 e6 2. Nf3 Nf6 3. e3 c5 4. Bd3 b6 5. O-O Bb7 6. b3 Be7 7. Bb2 O-O 8. c4 cxd4 9. exd4 d5 10. Nbd2 Nc6 11. a3 Re8 12. Re1 Bf8 13. Nf1 Ne7 14. Ne3 Ng6 15. Ne5 Nxe5 16. dxe5 dxc4 17. Nxc4 Nd5 18. Be4 Rc8 19. Qg4 b5 20. Nd6 Bxd6 21. exd6 g6 22. Bxd5 Bxd5 23. Qf4 Bxb3 24. Bf6 Qd7 25. Qh6 1-0


[Site "https://www.chess.com"]